 Dungeon Crawl Stone Soup version 0.29.1-1-gd02db6906a (webtiles) character file.

Game seed: 13756296520234575115

46806 ImASeal the Spear-Bearer (level 14, 0/222 HPs)
             Began as a Troll Fighter on Oct 4, 2022.
             Was the Champion of Makhleb.
             Slain by a merfolk
             ... wielding a +0 trident
             ... led by a merfolk javelineer
              (5 damage)
             ... on level 1 of the Shoals.
             The game lasted 01:23:46 (15027 turns).

ImASeal the Spear-Bearer (Troll Fighter)           Turns: 15027, Time: 01:23:46

Health: 0/222      AC: 27    Str: 39    XL:     14   Next: 6%
Magic:  13/13      EV:  1    Int:  4    God:    Makhleb [******]
Gold:   570        SH:  8    Dex:  5    Spells: 13/13 levels left

rFire   . . .      SeeInvis .   u - +6 trident of the Brewing Gods {flame, rPois rN++ Str+2 Dex-4}
rCold   + . .      Faith    .   c - +0 kite shield
rNeg    + + .      Spirit   .   (body armour currently unavailable)
rPois   +          Reflect  .   (helmet currently unavailable)
rElec   .          Harm     .   (cloak currently unavailable)
rCorr   .          Rampage  .   (gloves unavailable)
Will    +....      NoTele   +   (boots unavailable)
Stlth   +.........              y - amulet of regeneration
HPRegen 2.07/turn               O - +6 ring of strength
MPRegen 0.13/turn               K - ring of protection from cold

@: tree-form (expiring)
A: stationary, stasis, torment immunity, boosted hp, large, unfitting armour,
(claws 3), regeneration 1, (shaggy fur 1), (tough skin 1)
a: Renounce Religion, Minor Destruction, Lesser Servant of Makhleb, Major
Destruction, Greater Servant of Makhleb


You were on level 1 of the Shoals.
You worshipped Makhleb.
Makhleb was exalted by your worship.
You were a tree.
You visited 5 branches of the dungeon, and saw 16 of its levels.

You collected 1397 gold pieces.
You spent 827 gold pieces at shops.

Inventory:

Hand Weapons
 u - the +6 trident of the Brewing Gods (weapon) {flame, rPois rN++ Str+2 Dex-4}
   (You found it on level 3 of the Dungeon)

   It burns those it strikes, dealing additional fire damage.
   Str:       It affects your strength (+2).
   Dex:       It affects your dexterity (-4).
   rPois:     It protects you from poison.
   rN:        It greatly protects you from negative energy.
Missiles
 h - 2 javelins
 m - 6 curare-tipped darts
 x - 27 poisoned darts
 A - 6 datura-tipped darts
 B - 4 boomerangs
 J - 18 large rocks (quivered)
 S - 3 throwing nets
Armour
 c - a +0 kite shield (worn)
 r - a +0 cloak (melded)
 w - the +1 pair of gloves "Douwymoz" {Regen+ MP-9 Str+2}
   (You found it on level 4 of the Dungeon)

   Str:       It affects your strength (+2).
   MP:        It affects your magic capacity (-9).
   Regen:     It increases your rate of health regeneration.
 F - +0 swamp dragon scales
 L - a +0 hat of willpower (melded)
 Q - +0 acid dragon scales
 X - a +2 troll leather armour (melded)
Jewellery
 k - a +6 ring of intelligence
 y - an amulet of regeneration (around neck)
 K - a ring of protection from cold (right branch)
 O - a +6 ring of strength (left branch)
 T - a ring of poison resistance
Wands
 P - a wand of iceblast (15)
 R - a wand of flame (15)
 V - a wand of digging (4)
 W - a wand of polymorph (4)
Scrolls
 e - a scroll of immolation
 f - 5 scrolls of enchant weapon
 i - a scroll of blinking
 j - 3 scrolls of poison
 l - 3 scrolls of teleportation
 o - a scroll of vulnerability
 s - 2 scrolls of identify
 C - a scroll of magic mapping
 D - 3 scrolls of fog
 E - a scroll of fear
 I - a scroll of acquirement
 M - 2 scrolls of amnesia
 N - a scroll of brand weapon
 Z - a scroll of silence
Potions
 a - a potion of mutation
 d - 2 potions of might
 g - 6 potions of berserk rage
 n - 3 potions of flight
 p - 4 potions of attraction {unknown}
 q - a potion of curing
 z - 3 potions of cancellation {unknown}
 G - 2 potions of brilliance
 H - a potion of haste {unknown}
 U - a potion of resistance
 Y - 2 potions of invisibility {unknown}
Miscellaneous
 b - a tin of tremorstones (inert)


   Skills:
 * Level 11.7 Fighting
 - Level 3.4 Maces & Flails
 + Level 11.8 Polearms
 + Level 6.4 Throwing
 + Level 4.6 Armour
 + Level 8.0 Dodging
 + Level 8.3 Shields


You had 13 spell levels left.
You didn't know any spells.
Your spell library contained the following spells:

 Spells                   Type           Power      Damage    Failure   Level
 Apportation              Tloc           0%         N/A       75%         1
 Magic Dart               Conj           0%         1d3       75%         1
 Sting                    Tmut/Pois      0%         1d3       75%         1
 Summon Small Mammal      Summ           0%         N/A       75%         1
 Call Imp                 Summ           0%         N/A       86%         2
 Ensorcelled Hibernation  Hex/Ice        0%         N/A       86%         2
 Passwall                 Tmut/Erth      0%         N/A       86%         2
 Call Canine Familiar     Summ           0%         N/A       98%         3
 Gell's Gravitas          Tloc           0%         N/A       98%         3
 Ignite Poison            Fire/Tmut/Pois 0%         N/A       98%         3
 Mephitic Cloud           Conj/Pois/Air  0%         N/A       98%         3
 Portal Projectile        Hex/Tloc       0%         N/A       98%         3
 Stone Arrow              Conj/Erth      0%         3d7       98%         3
 Summon Guardian Golem    Hex/Summ       0%         N/A       98%         3
 Swiftness                Air            0%         N/A       98%         3
 Teleport Other           Tloc           0%         N/A       98%         3
 Animate Armour           Summ/Erth      0%         N/A       100%        4
 Leda's Liquefaction      Hex/Erth       0%         N/A       100%        4
 Petrify                  Tmut/Erth      0%         N/A       100%        4
 Alistair's Intoxication  Tmut/Pois      0%         N/A       100%        5
 Yara's Violent Unravell  Hex/Tmut       0%         3d3       100%        5
 Dispersal                Tloc           0%         N/A       100%        6
 Statue Form              Tmut/Erth      0%         N/A       100%        6
 Lehudib's Crystal Spear  Conj/Erth      0%         10d2      100%        8
 Chain Lightning          Conj/Air       0%         N/A       100%        9
 Fire Storm               Conj/Fire      0%         5d1       100%        9
 Shatter                  Erth           0%         3d5*      100%        9


Dungeon Overview and Level Annotations

Branches:
Dungeon (11/15)            Temple (1/1) D:5            Lair (2/5) D:9
 Shoals (1/4) Lair:2       Spider (0/4) Lair:2          Orc (1/2) D:10

Altars:
Ashenzari
Cheibriados
Dithmenos
Elyvilon
Fedhas
Gozag
Hepliaklqana
Kikubaaqudgha
Makhleb
Nemelex Xobeh
Okawaru
Qazlal
Ru
Sif Muna
Trog
Uskayaw
Vehumet
Wu Jian
Xom
Yredelemnul
Zin
The Shining One

Shops:
D:6 [*(   D:7 (   D:8 *!

Portals:
Trove: D:11 (give 15 scrolls of teleportation)


Innate Abilities, Weirdness & Mutations

You are a tree.
Your roots penetrate the ground, keeping you stationary.
You cannot be teleported.
You are immune to unholy pain and torment.
Your maximum health is greatly increased.
Your equipment is partially melded.
You are too large for most types of armour.
((You have claws for hands.))
Your natural rate of healing is unusually fast.
((You are covered in fur. (AC +1)))
((You have tough skin. (AC +1)))


Message History

The boomerang hits you but does no damage.
Throw: 21 large rocks
Press: ? - help, Q - select action, (/) - cycle Shift-Dir - straight line, f - merfolk
Aim: a merfolk, wielding a +0 trident and quivering boomerangs (moderately wounded, 55% to hit)
You throw a large rock.
The large rock closely misses the merfolk.
The merfolk throws a boomerang.
The boomerang hits you but does no damage.
The merfolk throws a boomerang.
You block the boomerang.
The merfolk throws a boomerang.
You block the boomerang.
You cannot teleport because you are held in place by your roots.
Throw: 20 large rocks
Press: ? - help, Q - select action, (/) - cycle Shift-Dir - straight line, f/p - merfolk
Aim: a merfolk, wielding a +0 trident and quivering boomerangs (moderately wounded, 55% to hit)
You throw a large rock. The large rock hits the merfolk.
The merfolk is heavily wounded.
Your transformation is almost over.
The merfolk hits you from afar with a +0 trident!
* * * LOW HITPOINT WARNING * * *
The merfolk throws a boomerang.
The boomerang hits you but does no damage.
The merfolk hits you from afar with a +0 trident.
* * * LOW HITPOINT WARNING * * *
The merfolk throws a boomerang.
The boomerang hits you.
* * * LOW HITPOINT WARNING * * *
The merfolk hits you but does no damage.
Throw: 19 large rocks
Press: ? - help, Q - select action, (/) - cycle Shift-Dir - straight line, f/p - merfolk
Aim: a merfolk, wielding a +0 trident and quivering boomerangs (heavily wounded, 55% to hit)
You throw a large rock. The large rock hits the merfolk!
The merfolk is heavily wounded.
The merfolk throws a boomerang.
The boomerang hits you!
* * * LOW HITPOINT WARNING * * *
The merfolk throws a boomerang.
The boomerang hits you but does no damage.
The merfolk throws a boomerang.
The boomerang hits you!
* * * LOW HITPOINT WARNING * * *
The merfolk hits you but does no damage.
The merfolk hits you from afar with a +0 trident.
You die...

~...~~~ #.≈≈≈..##÷..^.#
#. .###..
~....###~≈≈.....)....###.
.# ..
~.~~....~~.........~.....
..~~~..~~.~..##...~~~....
...~~~.~m.~~(###...~~~..~
...~~~...m.(.# ##..~~~~~~
#.....m.)m..####mm~~~~~~
##.......~~~......~~~~~~~
......~.♣)~~.....~~≈≈≈≈~~
........#.......~~~≈≈≈≈~~
~...~...........~m≈≈~~~~~
~..~~~~.....~~~~~≈≈~..~~~
~~~~~~~~~..~~~~~~~~###..~
~~~~≈≈~~~~.~~~≈≈~~.# .~~
≈≈≈≈≈≈≈≈~~~~≈≈≈≈~~.#
≈≈≈≈≈≈≈≈≈≈≈≈≈≈≈≈


You could see 4 merfolk.

Vanquished Creatures
  Gastronok (Lair:2)
  Roxanne (Shoals:1)
  A merfolk javelineer (Shoals:1)
  Josephine (Orc:1)
  3 hydras
  2 boulder beetles (D:11)
  Erolcha (D:10)
  2 centaur warriors (D:11)
  A merfolk aquamancer (Shoals:1)
  A hell knight (D:11)
  Lodul (D:10)
  3 sea snakes (Shoals:1)
  2 lindwurms (Lair:2)
  A flayed ghost (D:11)
  Pikel (D:6)
  A wizard (D:11)
  An oklob plant (Lair:2)
  5 manticores
  6 cyclopes (D:11)
  10 elephants (Lair:2)
  Joseph (D:8)
  2 black mambas
  4 cane toads
  A gargoyle (D:11)
  Maggie (Lair:1)
  A rime drake (Lair:1)
  A kobold demonologist (D:10)
  A yaktaur (D:11)
  5 merfolk (Shoals:1)
  6 trolls
  A meliai (D:11)
  A wind drake (Shoals:1)
  A hornet (D:7)
  2 polar bears (Lair:1)
  A raiju (shapeshifter) (D:11)
  3 snapping turtles
  4 water elementals (Shoals:1)
  5 wraiths
  3 wyverns
  A basilisk (shapeshifter) (D:11)
  A basilisk (Lair:1)
  Grum (D:10)
  38 yaks
  2 vampire mosquitoes (D:10)
  A steam dragon (D:6)
  A warg (Orc:1)
  5 acid dragons
  5 water moccasins
  3 sky beasts
  A black bear (Lair:1)
  4 ice beasts
  11 ogres
  10 orc warriors
  9 wolves
  8 centaurs
  A lemure (D:6)
  A phantom (D:7)
  5 kobold brigands
  2 necrophages
  11 bullfrogs
  15 gnoll sergeants
  9 scorpions
  5 wights (D:8)
  17 killer bees
  An electric eel (Lair:2)
  3 howler monkeys
  A lava snake (D:11)
  3 jellies (D:6)
  5 hounds
  4 orc priests
  2 gnoll boudas
  2 iguanas
  14 orc wizards
  30 gnolls
  4 adders
  2 ufetubi
  3 worms
  5 dart slugs
  38 orcs
  10 ball pythons
  7 endoplasms
  6 giant cockroaches
  7 goblins
  7 hobgoblins
  18 kobolds
  4 quokkas
  6 bats
  4 frilled lizards
  7 rats
449 creatures vanquished.

Vanquished Creatures (others)
  An orc (Orc:1)
  11 fungi
  85 plants
97 creatures vanquished.

Grand Total: 546 creatures vanquished

Notes
Turn   | Place    | Note
-------+----------+-------------------------------------------
     0 | D:1      | ImASeal the Troll Fighter began the quest for the Orb.
     0 | D:1      | Reached XP level 1. HP: 22/22 MP: 0/0
    52 | D:1      | Reached XP level 2. HP: 28/29 MP: 1/1
   112 | D:1      | Found a faded altar of an unknown god.
   252 | D:1      | Reached XP level 3. HP: 36/36 MP: 2/2
   492 | D:2      | Found a broken altar of Ashenzari.
   739 | D:2      | Found a shadowy altar of Dithmenos.
   879 | D:2      | Reached XP level 4. HP: 44/44 MP: 3/3
  1152 | D:3      | Found a white marble altar of Elyvilon.
  1631 | D:3      | Identified the +6 trident of the Brewing Gods {flame, rPois
                  | rN++ Str+2 Dex-4}
  1685 | D:3      | Identified the +2 ring mail of the Vaults {rN+ Str+4}
  1903 | D:3      | Found a stormy altar of Qazlal.
  1910 | D:3      | Found an iron altar of Okawaru.
  2094 | D:4      | Reached XP level 5. HP: 40/53 MP: 4/4
  2221 | D:4      | Found a hide-covered altar of Uskayaw.
  2352 | D:4      | Reached skill level 1 in Polearms
  2392 | D:4      | Reached XP level 6. HP: 60/61 MP: 5/5
  2505 | D:4      | Identified the +1 pair of gloves "Douwymoz" {Regen+ MP-9
                  | Str+2}
  3029 | D:5      | Entered Level 5 of the Dungeon
  3050 | D:5      | Noticed an orc warrior
  3063 | D:5      | Killed an orc warrior
  3262 | D:5      | Reached XP level 7. HP: 55/68 MP: 6/6
  3431 | D:5      | Reached skill level 1 in Throwing
  3472 | D:5      | Found a staircase to the Ecumenical Temple.
  3482 | Temple   | Entered the Ecumenical Temple
  3831 | Temple   | Became a worshipper of Makhleb the Destroyer
  4283 | D:6      | Noticed a yak
  4288 | D:6      | Noticed a yak
  4301 | D:6      | Noticed a yak
  4302 | D:6      | Killed a yak
  4303 | D:6      | Reached XP level 8. HP: 66/79 MP: 7/7
  4329 | D:6      | Reached skill level 5 in Fighting
  4331 | D:6      | Reached skill level 5 in Polearms
  4426 | D:6      | Found a radiant altar of Vehumet.
  4499 | D:6      | Found Siadokha's General Store.
  4508 | D:6      | Bought a potion of heal wounds for 70 gold pieces
  4508 | D:6      | Bought a scroll of fog for 56 gold pieces
  4508 | D:6      | Bought a scroll of fear for 56 gold pieces
  4540 | D:6      | Found Moofuph's Weapon Shoppe.
  4560 | D:6      | Found a shimmering blue altar of Sif Muna.
  4583 | D:6      | Reached XP level 9. HP: 76/88 MP: 8/8
  4607 | D:6      | Reached * piety under Makhleb
  4639 | D:6      | Noticed Pikel
  4650 | D:6      | Killed Pikel
  4839 | D:6      | Reached skill level 5 in Dodging
  4982 | D:6      | Found Puogyef's Armour Boutique.
  5870 | D:7      | Paralysed by a hornet for 2 turns
  6001 | D:7      | Reached XP level 10. HP: 100/100 MP: 9/9
  6095 | D:7      | Reached skill level 5 in Shields
  6224 | D:7      | Found Carefre's Antique Weapon Boutique.
  6299 | D:7      | Found a sparkling altar of Nemelex Xobeh.
  6319 | D:7      | Reached ** piety under Makhleb
  6679 | D:8      | Found a hazy altar of Hepliaklqana.
  6792 | D:8      | Noticed Joseph
  6812 | D:8      | Killed Joseph
  7027 | D:8      | Found a glowing silver altar of Zin.
  7027 | D:8      | Noticed an angel
  7072 | D:8      | Found Cuxadgh's General Store.
  7149 | D:8      | Found Ruw Qet's Distillery.
  7154 | D:8      | Bought a potion of flight for 45 gold pieces
  7154 | D:8      | Bought a potion of curing for 45 gold pieces
  7333 | D:8      | Found Ocotecsy's Distillery.
  7336 | D:8      | Bought a potion of degeneration for 12 gold pieces
  7447 | D:8      | Identified a scroll of acquirement
  7903 | D:9      | Noticed an eight-headed hydra
  8285 | D:9      | Found a staircase to the Lair.
  8544 | D:9      | Killed an eight-headed hydra
  8692 | Lair:1   | Entered Level 1 of the Lair of Beasts
  8698 | Lair:1   | Noticed a black mamba
  8713 | Lair:1   | Killed a black mamba
  8714 | Lair:1   | Reached XP level 11. HP: 69/111 MP: 10/10
  8883 | Lair:1   | Noticed a seven-headed hydra
  8912 | D:9      | Acquired 516 gold pieces
  8981 | D:8      | Bought a potion of mutation for 120 gold pieces
  8981 | D:8      | Bought a potion of lignification for 45 gold pieces
  8981 | D:8      | Bought a potion of brilliance for 60 gold pieces
  8981 | D:8      | Bought a potion of berserk rage for 75 gold pieces
  8981 | D:8      | Bought a potion of heal wounds for 75 gold pieces
  9038 | D:8      | Bought a potion of resistance for 120 gold pieces
  9038 | D:8      | Bought a potion of might for 48 gold pieces
  9072 | D:10     | Entered Level 10 of the Dungeon
  9144 | D:10     | Noticed Lodul
  9238 | D:10     | Killed Lodul
  9239 | D:10     | Reached skill level 1 in Armour
  9282 | D:10     | Reached *** piety under Makhleb
  9344 | D:10     | Noticed Erolcha
  9360 | D:10     | Killed Erolcha
  9530 | D:10     | Found a staircase to the Orcish Mines.
  9783 | D:10     | Found a shadowy altar of Dithmenos.
  9876 | D:10     | Noticed Grum
  9897 | D:10     | Killed Grum
 10123 | Orc:1    | Entered Level 1 of the Orcish Mines
 10128 | Orc:1    | Noticed Josephine
 10153 | Orc:1    | Reached **** piety under Makhleb
 10226 | Orc:1    | Killed Josephine
 10548 | Orc:1    | Noticed an ettin
 10555 | Orc:1    | Found a bloodstained altar of Trog.
 10555 | Orc:1    | Found the necklace of Bloodlust {*Rage Will++ Int-3 Slay+6}
 10621 | D:11     | Noticed a boulder beetle
 10634 | D:11     | Killed a boulder beetle
 10656 | D:11     | Reached XP level 12. HP: 110/123 MP: 11/11
 10861 | D:11     | Reached ***** piety under Makhleb
 10873 | D:11     | Noticed a centaur warrior
 10886 | D:11     | Reached skill level 10 in Polearms
 10894 | D:11     | Killed a centaur warrior
 11039 | D:11     | Reached skill level 10 in Fighting
 11166 | D:11     | Noticed a centaur warrior
 11178 | D:11     | Killed a centaur warrior
 11199 | D:11     | Noticed a boulder beetle
 11267 | D:11     | Killed a boulder beetle
 11489 | D:11     | Found a portal to a secret trove of treasure.
 11830 | D:11     | Identified the +0 robe of Xyopt {Contam Int+5}
 12041 | Lair:1   | Killed a seven-headed hydra
 12042 | Lair:1   | Reached XP level 13. HP: 106/135 MP: 12/12
 12334 | Lair:1   | Noticed Maggie
 12340 | Lair:1   | Killed Maggie
 12412 | Lair:1   | Reached ****** piety under Makhleb
 13064 | Lair:2   | Found a staircase to the Shoals.
 13294 | Lair:2   | Noticed Gastronok
 13335 | Lair:2   | Killed Gastronok
 13336 | Lair:2   | Reached skill level 5 in Throwing
 13555 | Lair:2   | Found a hole to the Spider Nest.
 14424 | Shoals:1 | Entered Level 1 of the Shoals
 14510 | Shoals:1 | Identified Roxanne's Folio of Evolution
 14510 | Shoals:1 | Noticed Roxanne
 14562 | Shoals:1 | Killed Roxanne
 14934 | Shoals:1 | Reached XP level 14. HP: 139/148 MP: 13/13
 15005 | Shoals:1 | HP: 2/148 [merfolk/+0 trident (9)]
 15021 | Shoals:1 | HP: 8/222 [merfolk/boomerang[a merfolk javelineer] (9)]
 15027 | Shoals:1 | HP: 5/222 [merfolk/boomerang[a merfolk javelineer] (8)]
 15027 | Shoals:1 | Slain by a merfolk

Illustrated notes

Levels and vault maps discovered:
D:1:      minmay_arrival_shoal_huts, layout_rooms,
          dreamdust_ecumenical_altar_grove
D:2:      layout_basic, basic_altar, chequers_serial_rivers_micro_c,
          minmay_hexomino_r4
D:3:      layout_loops_ring, mainiacjoe_overflow_alcove_2,
          amethyst_overflow_temple_binary
D:4:      nicolae_cairo_tiling, layout_basic,
          nicolae_uskayaw_murder_on_the_dancefloor, serial_curves,
          eino_curves_02, eino_curves_03, minmay_misc_feat_encased
D:5:      layout_basic, temple_statues, serial_curves, eino_curves_01,
          eino_curves_01, eino_curves_02
D:6:      layout_layer_cave, nicolae_sif_muna_little_library,
          fiery_altar_vehumet, serial_shops, nicolae_shop_bloodbath_and_beyond,
          nicolae_shop_temple_entry_statues_fountains, shop,
          minmay_chambers_of_fives, uniq_pikel
D:7:      layout_basic, nemelex_xobeh_ov_fountains_minmay, serial_shops, shop
D:8:      layout_gridville, zin_angel, nzn_hepliaklqana_mist_gate, serial_shops,
          shop_fountains, nicolae_shop_behind_doors, nicolae_shop_statue_plus,
          uniq_joseph
D:9:      layout_loops_ring, grunt_lair_entry_orc_guard_hut
D:10:     layout_roguey, kennysheep_mini_moat,
          kennysheep_orc_monster_closet_entryway, uniq_lodul, uniq_erolcha,
          uniq_grum
D:11:     nzn_winding_woodlands_large [nzn_winding_woodlands_5x5_perimeter,
          nzn_winding_woodlands_5x15_pathside_ponds,
          nzn_winding_woodlands_5x5_closed_star,
          nzn_winding_woodlands_center_triple_pond,
          nzn_winding_woodlands_15x15_five_gardens,
          nzn_winding_woodlands_center_diamonds,
          nzn_winding_woodlands_5x5_checkerboard,
          nzn_winding_woodlands_5x15_cabin, nzn_winding_woodlands_5x5_cross],
          layout_loops_ring, nicolae_trove_entry_diagonal,
          kennysheep_generic_room_4
Temple:   hellmonk_temple_flake
Lair:1:   layout_regular_city, uniq_maggie
Lair:2:   layout_layer_cave, minmay_shoals_entry_hut,
          nicolae_spider_entry_non_spiders, uniq_gastronok
Shoals:1: layout_shoals, nicolae_shoals_arrival_archipelago, uniq_roxanne
Orc:1:    emtedronai_trogs_sanctum, layout_caves, uniq_josephine, uniq_harold

Skill      XL: |  1  2  3  4  5  6  7  8  9 10 11 12 13 14 |
---------------+-------------------------------------------+-----
Maces & Flails | 2 3 |  3.4
Shields        | 3 4 6 7 8 |  8.3
Dodging        | 3 4 5 6 7 8 |  8.0
Fighting       | 3 4 5 6 7 9 10 11 | 11.7
Polearms       | 1 2 4 5 7 8 9 10 11 | 11.8
Throwing       | 1 2 3 4 6 |  6.4
Armour         | 2 3 4 |  4.6

Action                   |  1- 3 |  4- 6 |  7- 9 | 10-12 | 13-15 || total
-------------------------+-------+-------+-------+-------+-------++-------
Melee: Flail             |   142 |    50 |       |       |       ||   192
       Trident           |       |    79 |   200 |   881 |   393 ||  1553
Throw: Stone             |       |    22 |    29 |    42 |    19 ||   112
       Dart              |       |       |       |    36 |     8 ||    44
       Boomerang         |       |       |       |     3 |    89 ||    92
       Throwing net      |       |       |       |     1 |       ||     1
       Large rock        |       |       |       |     4 |    39 ||    43
       Javelin           |       |       |       |       |     2 ||     2
Evoke: Tin of tremorston |       |       |       |       |     2 ||     2
  Use: Potion            |       |     1 |       |    11 |     7 ||    19
       Scroll            |       |       |       |    20 |     4 ||    24
 Stab: Sleeping          |     1 |       |       |       |       ||     1
Armor: Robe              |    63 |    39 |    19 |       |       ||   121
       Steam dragon scal |       |       |    23 |    76 |       ||    99
       Acid dragon scale |       |       |       |   117 |       ||   117
       Skin              |       |       |       |    42 |    18 ||    60
       Troll leather arm |       |       |       |    59 |    92 ||   151
Dodge: Dodged            |    56 |    52 |    43 |   285 |   131 ||   567
Block: Kite shield       |    61 |    39 |    60 |   342 |   146 ||   648
